 Dungeon Crawl Stone Soup version 0.21-a0-528-gf531e82 (webtiles) character file.

2718 dorian the Magician (level 9, -1/71 HPs)
             Began as a Gnoll Skald on Dec 4, 2017.
             Was a Believer of Yredelemnul.
             Killed from afar by an electric eel (9 damage)
             ... with a bolt of electricity
             ... on level 8 of the Dungeon on Dec 8, 2017.
             The game lasted 00:18:33 (6937 turns).

dorian the Magician (Gnoll Skald)                   Turns: 6937, Time: 00:18:34

Health: -1/71      AC:  9    Str: 16    XL:     9   Next: 66%
Magic:  9/19       EV: 14    Int: 17    God:    Yredelemnul [**....]
Gold:   493        SH: 11    Dex: 14    Spells: 10/21 levels left

rFire    . . .     SeeInvis .   D - +2 falchion (slice)
rCold    + + .     Gourm    .   g - +0 buckler
rNeg     . . .     Faith    .   L - +1 ring mail "Yriakocw" {rC+} (curse)
rPois    .         Spirit   .   (no helmet)
rElec    .         Reflect  +   (no cloak)
rCorr    .         Harm     .   x - +1 pair of gloves
MR       .....                  (no boots)
Stlth    ++........             F - +6 amulet of reflection
HPRegen  0.21/turn              K - ring of protection from cold
MPRegen  0.16/turn              r - +5 ring of slaying

@: shrouded, infused
A: distributed training, fangs 1, strong nose
a: Animate Remains, Recall Undead Slaves, Injury Mirror, Renounce Religion


You were on level 8 of the Dungeon.
You worshipped Yredelemnul.
Yredelemnul was pleased with you.
You were not hungry.

You visited 1 branch of the dungeon, and saw 8 of its levels.

You collected 493 gold pieces.

Inventory:

Hand Weapons
 D - a +2 falchion of slicing (weapon)
Missiles
 q - 4 tomahawks of returning (quivered)
Armour
 g - a +0 buckler (worn)
 x - a +1 pair of gloves (worn)
 L - the cursed +1 ring mail "Yriakocw" (worn) {rC+}
   (You found it on level 6 of the Dungeon)

   It protects you from cold.
   It has a curse placed upon it.
Jewellery
 r - a +5 ring of slaying (right hand)
 w - an uncursed ring of resist corrosion
 B - an uncursed ring of protection from magic
 F - a +6 amulet of reflection (around neck)
 K - a ring of protection from cold (left hand)
Wands
 E - a wand of paralysis (6)
Scrolls
 e - 2 scrolls of remove curse
 k - 6 scrolls of teleportation
 m - 2 scrolls of enchant armour
 n - a scroll of fog
 o - 6 scrolls of identify
 p - 2 scrolls of enchant weapon {unknown}
 s - 3 scrolls of amnesia
 u - 3 scrolls of magic mapping {unknown}
 C - 6 scrolls of fear {unknown}
Potions
 a - a potion of ambrosia {unknown}
 b - a potion of heal wounds {unknown}
 f - 3 potions of cancellation {unknown}
 h - 2 potions of lignification {unknown}
 i - 4 potions of curing {unknown}
 l - 2 potions of brilliance {unknown}
 t - 2 potions of mutation {unknown}
 v - a potion of might {unknown}
Books
 c - a book of Battle

   Spells                             Type                      Level
   a - Infusion                       Charms                       1
   b - Shroud of Golubria             Charms/Translocation         2
   c - Song of Slaying                Charms                       2
   d - Spectral Weapon                Hexes/Charms                 3
   e - Regeneration                   Charms/Necromancy            3
 y - a book of Callings

   Spells                             Type                      Level
   a - Summon Small Mammal            Summoning                    1
   b - Call Imp                       Summoning                    2
   c - Call Canine Familiar           Summoning                    3
   d - Summon Guardian Golem          Hexes/Summoning              3
   e - Summon Lightning Spire         Summoning/Air                4
   f - Summon Ice Beast               Ice/Summoning                4
 H - a book of Geomancy

   Spells                             Type                      Level
   a - Sandblast                      Earth                        1
   b - Passwall                       Transmutation/Earth          2
   c - Stone Arrow                    Conjuration/Earth            3
   d - Petrify                        Transmutation/Earth          4
   e - Lee's Rapid Deconstruction     Earth                        5
 I - a book of Misfortune

   Spells                             Type                      Level
   a - Confusing Touch                Hexes                        1
   b - Confuse                        Hexes                        3
   c - Gell's Gravitas                Translocation                3
   d - Petrify                        Transmutation/Earth          4
   e - Metabolic Englaciation         Hexes/Ice                    5
   f - Yara's Violent Unravelling     Hexes/Transmutation          5
Comestibles
 d - 10 bread rations
 j - 6 royal jellies
 z - 8 fruits
 A - 3 meat rations


   Skills:
 + Level 6.4 Fighting
 + Level 4.4 Short Blades
 + Level 6.4 Long Blades
 + Level 4.4 Axes
 + Level 4.4 Maces & Flails
 + Level 4.4 Polearms
 + Level 4.4 Staves
 + Level 4.4 Slings
 + Level 4.4 Bows
 + Level 4.4 Crossbows
 + Level 4.4 Throwing
 + Level 5.1 Armour
 + Level 6.4 Dodging
 + Level 4.4 Stealth
 + Level 4.4 Shields
 + Level 4.4 Unarmed Combat
 + Level 6.7 Spellcasting
 + Level 3.6 Conjurations
 + Level 3.6 Hexes
 + Level 6.6 Charms
 + Level 3.6 Summonings
 + Level 3.6 Necromancy
 + Level 3.6 Translocations
 + Level 3.6 Transmutations
 + Level 3.6 Fire Magic
 + Level 3.6 Ice Magic
 + Level 3.6 Air Magic
 + Level 3.6 Earth Magic
 + Level 3.6 Poison Magic
 + Level 4.8 Invocations
 + Level 4.4 Evocations


You had 10 spell levels left.
You knew the following spells:

 Your Spells              Type           Power        Failure   Level  Hunger
a - Infusion              Chrm           ####         1%          1    None
b - Song of Slaying       Chrm           ####....     1%          2    None
c - Shroud of Golubria    Chrm/Tloc      ###.......   3%          2    None
d - Spectral Weapon       Hex/Chrm       ###.....     8%          3    ##.....
e - Regeneration          Chrm/Necr      ###.......   8%          3    ##.....


Dungeon Overview and Level Annotations

Branches:
Dungeon (8/15)             Temple (0/1) D:6
   Lair: D:8-11

Altars:
Ashenzari
Dithmenos
Hepliaklqana
Qazlal
Ru
Trog
Yredelemnul
The Shining One

Shops:
D:6 (

Annotations:
D:6 2 transporters


Innate Abilities, Weirdness & Mutations

Your experience applies equally to all skills.
You have very sharp teeth.
Your uncanny sense of smell can sniff out nearby items.


Message History

You miss the electric eel.
The orc priest calls down the wrath of Beogh upon you.
Beogh smites you!
You closely miss the electric eel. The shadow imp gestures at you.
Pain shoots through your body!
The electric eel shoots out a bolt of lightning at you!
The bolt of electricity hits you!
* * * LOW HITPOINT WARNING * * *
An orc warrior comes into view. It is wielding a flail.
The orc priest invokes the aid of Beogh against you.
Pain shoots through your body!
* * * LOW HITPOINT WARNING * * *
An orc wizard comes into view. It is wielding a dagger.
An orc comes into view. It is wielding a club.
There is a stone staircase leading up, spattered with blood here.
The electric eel shoots out a bolt of lightning at you!
The bolt of electricity hits you!
You die...
Your body rises from the dead as a mindless zombie.

.o ≈≈P.PP≈♣ #.
.♣≈PP.≈≈≈♣.
#.###o≈P≈.≈≈≈..
#.....♣≈P.≈≈...
#......≈≈.♣....
...............
.......o....#..
....5..@......#
.<.............
......$l..PPPP.
........;≈≈≈≈P.
..)...P≈≈≈♣♣≈≈≈
.......P≈≈♣ ≈P
##......≈♣♣ ≈
#####.P≈≈ #..P♣


You could see an iguana, an electric eel, an orc priest, an orc wizard, a shadow
imp and an orc.

Vanquished Creatures
  A hungry ghost (D:7)
  A water moccasin (D:6)
  2 orc warriors (D:6)
  A sky beast (D:5)
  A phantom (D:5)
  A black bear (D:7)
  2 ice beasts (D:7)
  4 ogres
  2 centaurs
  2 bullfrogs
  2 scorpions
  4 wights (D:7)
  2 howler monkeys
  3 crimson imps
  2 hounds
  A centaur skeleton (D:7)
  A jelly (D:5)
  A bullfrog zombie (D:5)
  3 orc priests
  A bullfrog skeleton (D:7)
  8 orc wizards
  2 worker ants
  A hound zombie (D:5)
  A worker ant zombie (D:5)
  10 adders
  An ooze (D:5)
  An adder skeleton (D:4)
  4 dart slugs
  2 leopard geckos
  26 orcs
  A ball python (D:3)
  6 bats
  6 giant cockroaches
  7 hobgoblins
  4 jackals
  6 kobolds
  A quokka (D:6)
  3 frilled lizards
  15 goblins
  A leopard gecko skeleton (D:4)
  A quokka skeleton (D:6)
  5 rats
149 creatures vanquished.

Notes
Turn   | Place    | Note
-------+----------+-------------------------------------------
     0 | D:1      | dorian the Gnoll Skald began the quest for the Orb.
     0 | D:1      | Reached XP level 1. HP: 20/20 MP: 6/6
   115 | D:1      | Reached XP level 2. HP: 10/26 MP: 7/7
   669 | D:1      | Reached XP level 3. HP: 28/31 MP: 9/9
   881 | D:1      | Reached skill level 5 in Spellcasting
  1044 | D:2      | Reached skill level 1 in Invocations
  1198 | D:2      | Found a basalt altar of Yredelemnul.
  1211 | D:2      | Reached skill level 1 in Short Blades
  1211 | D:2      | Reached skill level 1 in Axes
  1211 | D:2      | Reached skill level 1 in Maces & Flails
  1211 | D:2      | Reached skill level 1 in Polearms
  1211 | D:2      | Reached skill level 1 in Staves
  1211 | D:2      | Reached skill level 1 in Slings
  1211 | D:2      | Reached skill level 1 in Bows
  1211 | D:2      | Reached skill level 1 in Crossbows
  1211 | D:2      | Reached skill level 1 in Throwing
  1211 | D:2      | Reached skill level 1 in Stealth
  1211 | D:2      | Reached skill level 1 in Shields
  1211 | D:2      | Reached skill level 1 in Unarmed Combat
  1211 | D:2      | Reached skill level 1 in Evocations
  1323 | D:2      | Became a worshipper of Yredelemnul the Dark
  1466 | D:2      | Reached XP level 4. HP: 26/38 MP: 11/11
  1940 | D:2      | Learned a level 2 spell: Song of Slaying
  1943 | D:2      | Learned a level 2 spell: Shroud of Golubria
  1947 | D:2      | Learned a level 3 spell: Spectral Weapon
  1963 | D:2      | Reached skill level 1 in Conjurations
  1963 | D:2      | Reached skill level 1 in Hexes
  1963 | D:2      | Reached skill level 1 in Summonings
  1963 | D:2      | Reached skill level 1 in Necromancy
  1963 | D:2      | Reached skill level 1 in Translocations
  1963 | D:2      | Reached skill level 1 in Transmutations
  1963 | D:2      | Reached skill level 1 in Fire Magic
  1963 | D:2      | Reached skill level 1 in Ice Magic
  1963 | D:2      | Reached skill level 1 in Air Magic
  1963 | D:2      | Reached skill level 1 in Earth Magic
  1963 | D:2      | Reached skill level 1 in Poison Magic
  2148 | D:3      | Found a bloodstained altar of Trog.
  2189 | D:3      | Reached XP level 5. HP: 40/43 MP: 12/12
  2762 | D:4      | Found a stormy altar of Qazlal.
  2967 | D:4      | Reached XP level 6. HP: 37/50 MP: 13/13
  3365 | D:4      | Upgraded the game from 0.21-a0-518-g43a1781 to 0.21-a0-522-ga8338f0
  3485 | D:5      | Entered Level 5 of the Dungeon
  3490 | D:4      | Reached skill level 5 in Fighting
  3490 | D:4      | Reached skill level 5 in Long Blades
  3490 | D:4      | Reached skill level 5 in Dodging
  3608 | D:4      | Reached XP level 7. HP: 34/56 MP: 13/15
  3785 | D:5      | Found a sacrificial altar of Ru.
  3788 | D:5      | Found a hazy altar of Hepliaklqana.
  3791 | D:5      | Found a shattered altar of Ashenzari.
  3794 | D:5      | Found a glowing golden altar of the Shining One.
  3842 | D:5      | Reached * piety under Yredelemnul
  4367 | D:5      | Reached XP level 8. HP: 63/63 MP: 4/16
  4521 | D:5      | Upgraded the game from 0.21-a0-522-ga8338f0 to 0.21-a0-528-gf531e82
  4610 | D:6      | Found Maiv's Antique Weapon Shoppe.
  4617 | D:6      | Found a staircase to the Ecumenical Temple.
  4738 | D:6      | Found a transporter.
  5036 | D:6      | Reached ** piety under Yredelemnul
  5043 | D:6      | Found a transporter.
  5066 | D:6      | Found a shadowy altar of Dithmenos.
  5185 | D:6      | Got a distressingly furry ring mail
  5196 | D:6      | Identified the cursed +1 ring mail "Yriakocw" {rC+} (You found it on level 6 of the Dungeon)
  5499 | D:6      | Reached XP level 9. HP: 44/69 MP: 4/18
  5751 | D:6      | Learned a level 3 spell: Regeneration
  6523 | D:7      | Reached skill level 5 in Armour
  6837 | D:7      | Learned a level 3 spell: Spectral Weapon
  6937 | D:8      | Killed from afar by an electric eel

Vault maps used:
D:1:      dpeg_arrival_three_same_balls, minmay_small_reverse_x
D:2:      yredelemnul_altar_generic
D:3:      minmay_misc_feat_plants, st_stairs_4, supply_closet_lemuel,
          bloody_trog
D:4:      nicolae_overflow_crystal_walls
D:5:      grunt_temple_overflow_cloverleaf, first_bread
D:6:      gammafunk_steamed_eel, old_standard_altar, minmay_temple_entry_trees,
          serial_shops, shop, roderic_serpentine_path
D:8:      serial_bayou, serial_bayou_shore_b, serial_bayou_lagoon_b,
          serial_bayou_pond_c, serial_bayou_crossing

Skill      XL: |  1  2  3  4  5  6  7  8  9 |
---------------+----------------------------+-----
Spellcasting   | 5 6 |  6.7
Invocations    | 1 2 3 4 |  4.8
Short Blades   | 1 2 3 4 |  4.4
Axes           | 1 2 3 4 |  4.4
Maces & Flails | 1 2 3 4 |  4.4
Polearms       | 1 2 3 4 |  4.4
Staves         | 1 2 3 4 |  4.4
Slings         | 1 2 3 4 |  4.4
Bows           | 1 2 3 4 |  4.4
Crossbows      | 1 2 3 4 |  4.4
Throwing       | 1 2 3 4 |  4.4
Stealth        | 1 2 3 4 |  4.4
Shields        | 1 2 3 4 |  4.4
Unarmed Combat | 1 2 3 4 |  4.4
Evocations     | 1 2 3 4 |  4.4
Conjurations   | 1 2 3 |  3.6
Hexes          | 1 2 3 |  3.6
Summonings     | 1 2 3 |  3.6
Necromancy     | 1 2 3 |  3.6
Translocations | 1 2 3 |  3.6
Transmutations | 1 2 3 |  3.6
Fire Magic     | 1 2 3 |  3.6
Ice Magic      | 1 2 3 |  3.6
Air Magic      | 1 2 3 |  3.6
Earth Magic    | 1 2 3 |  3.6
Poison Magic   | 1 2 3 |  3.6
Armour         | 3 4 5 |  5.1
Fighting       | 5 6 |  6.4
Long Blades    | 5 6 |  6.4
Dodging        | 5 6 |  6.4
Charms         | 6 |  6.6

Action                   |  1- 3 |  4- 6 |  7- 9 || total
-------------------------+-------+-------+-------++-------
Melee: Falchion          |   119 |    99 |   190 ||   408
       Bite              |    13 |     9 |    23 ||    45
       Punch             |       |       |     1 ||     1
 Cast: Infusion          |     1 |       |    10 ||    11
       Shroud of Golubri |       |     1 |    12 ||    13
  Use: Scroll            |       |     2 |     5 ||     7
 Stab: Sleeping          |       |     1 |     1 ||     2
       Distracted        |       |       |     1 ||     1
  Eat: Chunk             |     2 |     7 |    11 ||    20
Armor: Ring mail         |    32 |    25 |    39 ||    96
Dodge: Dodged            |    72 |    72 |   106 ||   250
Block: Buckler           |       |       |    22 ||    22
       Other             |       |       |     3 ||     3
       Rpst.: Falchion   |    21 |    23 |    23 ||    67

Table legend:
 A = Spawn XP
 B = Non-spawn XP
 C = Spawn XP percentage of total XP
 D = Spawn monster count
 E = Non-spawn monster count
 F = Spawn count percentage of total count
 G = Total turns spent on level
                    A         B        C        D         E        F      G
               +---------+---------+-------+---------+---------+-------+---------
         Total |       0 |    3883 |   0.0 |       0 |     149 |   0.0 |  6937
               +---------+---------+-------+---------+---------+-------+---------
           D:1 |       0 |      38 |   0.0 |       0 |      18 |   0.0 |   950
           D:2 |       0 |     100 |   0.0 |       0 |      20 |   0.0 |   941
           D:3 |       0 |      57 |   0.0 |       0 |      19 |   0.0 |   736
           D:4 |       0 |     333 |   0.0 |       0 |      16 |   0.0 |  1069
           D:5 |       0 |     850 |   0.0 |       0 |      27 |   0.0 |  1035
           D:6 |       0 |    1035 |   0.0 |       0 |      25 |   0.0 |  1069
           D:7 |       0 |    1416 |   0.0 |       0 |      23 |   0.0 |  1120
           D:8 |       0 |      54 |   0.0 |       0 |       1 |   0.0 |    17
               +---------+---------+-------+---------+---------+-------+---------
